 Dungeon Crawl Stone Soup version 0.26-a0-597-gb535b0901c (webtiles) character file.

Game seed: 1178492470194981536

525 Ge0ff the Poker (level 7, -2/57 HPs)
             Began as a Green Draconian Abyssal Knight on Aug 26, 2020.
             Was a Priest of Lugonu.
             Slain by an adder zombie (3 damage)
             ... on level 6 of the Dungeon.
             The game lasted 00:07:23 (2656 turns).

Ge0ff the Poker (Green Draconian Abyssal Knight)    Turns: 2656, Time: 00:07:24

Health: -2/57      AC:  7    Str: 14    XL:     7   Next: 2%
Magic:  8/8        EV: 12    Int: 13    God:    Lugonu [***...]
Gold:   207        SH:  0    Dex: 12    Spells: 6/6 levels left

rFire    . . .     SeeInvis .   b - +4 dagger (elec)
rCold    + . .     Faith    .   (no shield)
rNeg     . . .     Spirit   .   (armour unavailable)
rPois    +         Reflect  .   (helmet restricted)
rElec    .         Harm     .   (no cloak)
rCorr    .                      c - +0 pair of gloves
MR       .....                  (no boots)
Stlth    +.........             (no amulet)
HPRegen  0.19/turn              R - ring of protection from cold
MPRegen  0.11/turn              (no ring)

@: no status effects
A: breathe noxious fumes, unfitting armour, poison resistance, cold-blooded, AC
+6
a: Breathe Noxious Fumes, Depart the Abyss, Bend Space, Banish, Renounce
Religion


You were on level 6 of the Dungeon.
You worshipped Lugonu.
Lugonu was most pleased with you.
You visited 1 branch of the dungeon, and saw 6 of its levels.
You visited the Abyss 1 time.

You collected 207 gold pieces.

Inventory:

Hand Weapons
 a - a +1 spear
 b - a +4 dagger of electrocution (weapon)
Missiles
 r - 30 stones (quivered)
 S - 25 sling bullets
 V - 3 poisoned darts
 Y - 2 boomerangs
Armour
 c - a +0 pair of gloves (worn)
Jewellery
 R - a ring of protection from cold (left hand)
Scrolls
 i - 5 scrolls of identify
 C - a scroll of remove curse
 T - a scroll of amnesia
 Z - a scroll of random uselessness
Potions
 q - 4 potions of curing
 U - 2 potions of stabbing
 W - a potion of heal wounds {!q}
 X - a potion of flight


   Skills:
 - Level 3.2 Fighting
 + Level 7.7 Polearms
 - Level 2.1 Dodging
 - Level 2.0 Invocations


You had 6 spell levels left.
You didn't know any spells.
Your spell library was empty.

Dungeon Overview and Level Annotations

Branches:
Dungeon (6/15)
 Temple: D:4-7

Altars:
The Shining One


Innate Abilities, Weirdness & Mutations

You can breathe blasts of noxious fumes.
Your lurid green scales are hard. (AC +6)
You cannot fit into any form of body armour.
Your system is resistant to poisons. (rPois)
You are cold-blooded and may be slowed by cold attacks.


Message History

You see here 2 arrows.
The centaur shoots an arrow.
The arrow closely misses you.
The centaur shoots an arrow.
The arrow hits you.
The adder zombie bites you but does no damage.
The centaur shoots an arrow.
The arrow hits you.
* * * LOW HITPOINT WARNING * * *
The adder zombie completely misses you.
The centaur unwields a +0 shortbow.
The centaur closely misses you.
The adder zombie bites you but does no damage.
The centaur closely misses you. The adder zombie closely misses you.
The centaur closely misses you. The adder zombie misses you.
The centaur hits you!
* * * LOW HITPOINT WARNING * * *
The centaur hits you.
* * * LOW HITPOINT WARNING * * *
The adder zombie bites you.
* * * LOW HITPOINT WARNING * * *
The centaur misses you. The adder zombie bites you.
You die...

..... .......
########......
.##...<.##.(?#
..$..[........##
.............$.#
..##.....##....#
. #...(.##.Z..#
+......((@..#
#.....##.c..#
#!...[##...##
#...........#
#...!.##...##
#.....##...#
#............
##..... .....#


You could see a centaur and an adder zombie.

Vanquished Creatures
  Sigmund (D:2)
  2 orc priests (D:3)
  Jessica (D:2)
  Natasha (D:3)
  4 orc wizards (D:3)
  6 adders
  2 worms
  A dart slug (D:2)
  A leopard gecko (D:1)
  12 orcs (D:3)
  4 giant cockroaches
  6 goblins
  11 hobgoblins
  8 kobolds
  2 ball pythons
  10 bats
  4 frilled lizards
  6 rats
82 creatures vanquished.

Vanquished Creatures (others)
  4 plants (D:3)
4 creatures vanquished.

Grand Total: 86 creatures vanquished

Notes
Turn   | Place    | Note
-------+----------+-------------------------------------------
     0 | Abyss:1  | Ge0ff the Draconian Abyssal Knight began the quest for the
                  | Orb.
     0 | Abyss:1  | Reached XP level 1. HP: 19/19 MP: 2/2
    45 | Abyss:1  | Noticed an iron imp
    78 | Abyss:2  | Noticed an apocalypse crab
    81 | Abyss:2  | Noticed a small abomination
    82 | D:1      | Escaped the Abyss
    93 | D:1      | Noticed a vine stalker
    93 | D:1      | Noticed a tengu
    95 | D:1      | Noticed a halfling
    95 | D:1      | Noticed a ghoul
    97 | D:1      | Noticed a formicid
    97 | D:1      | Noticed a merfolk
    99 | D:1      | Noticed a spriggan
   101 | D:1      | Noticed a vampire
   103 | D:1      | Noticed a centaur
   103 | D:1      | Noticed a draconian
   105 | D:1      | Noticed a gargoyle
   107 | D:1      | Noticed a dwarf
   109 | D:1      | Noticed a human
   109 | D:1      | Noticed a felid
   111 | D:1      | Noticed a troll
   111 | D:1      | Noticed a demonspawn
   113 | D:1      | Noticed a naga
   113 | D:1      | Noticed a demigod
   115 | D:1      | Noticed a minotaur
   115 | D:1      | Noticed an ogre
   117 | D:1      | Noticed an octopode
   117 | D:1      | Noticed an elf
   166 | D:1      | Reached * piety under Lugonu
   195 | D:1      | Reached XP level 2. HP: 19/26 MP: 3/3
   350 | D:1      | Reached skill level 3 in Polearms
   678 | D:1      | Reached XP level 3. HP: 31/31 MP: 4/4
   902 | D:2      | Noticed Sigmund
  1012 | D:2      | You fall into a shaft and drop 1 floor!
  1099 | D:3      | Reached skill level 4 in Polearms
  1099 | D:3      | Reached XP level 4. HP: 37/38 MP: 5/5
  1496 | D:3      | Found a glowing golden altar of the Shining One.
  1578 | D:3      | Reached ** piety under Lugonu
  1578 | D:3      | Reached skill level 5 in Polearms
  1612 | D:3      | Noticed Natasha
  1743 | D:2      | Reached XP level 5. HP: 44/45 MP: 6/6
  1753 | D:2      | Noticed Jessica
  1765 | D:2      | Killed Jessica
  1912 | D:2      | Killed Sigmund
  1912 | D:2      | Reached skill level 6 in Polearms
  1912 | D:2      | Reached XP level 6. HP: 43/51 MP: 7/7
  2283 | D:3      | Killed Natasha
  2284 | D:3      | Reached skill level 7 in Polearms
  2545 | D:3      | Your scales start taking on a lurid green colour.
  2545 | D:3      | Reached XP level 7. HP: 28/57 MP: 8/8
  2545 | D:3      | Gained mutation: Your system is resistant to poisons.
                  | (rPois) [Green Draconian growth]
  2562 | D:3      | Reached *** piety under Lugonu
  2613 | D:5      | Entered Level 5 of the Dungeon
  2655 | D:6      | HP: 1/57 [adder zombie (2)]
  2656 | D:6      | Slain by an adder zombie

Illustrated notes

Levels and vault maps discovered:
D:1:      kb_arrival_jail, layout_rooms
D:2:      layout_rooms, uniq_jessica, uniq_sigmund
D:3:      layout_rooms, tso_oasis_becter, saegor_snake_ambush, uniq_natasha
D:4:      layout_cave_pools, led_xom_imps, lemuel_crystal_altar,
          nicolae_overflow_crystal_walls, minmay_temple_entry_arrows,
          uniq_grinder
D:5:      layout_loops_cross, ashenzari_altar_1, minmay_checkerbox
D:6:      layout_gridville, kennysheep_generic_room_16

Skill      XL: |  1  2  3  4  5  6 |
---------------+-------------------+-----
Polearms       | 3 4 5 6 7 |  7.7
Fighting       | |  3.2
Dodging        | |  2.1
Invocations    | |  2.0

Action                   |  1- 3 |  4- 6 |  7- 9 || total
-------------------------+-------+-------+-------++-------
Melee: Spear             |   139 |    53 |       ||   192
       Tailslap          |     6 |    10 |     1 ||    17
       Dagger            |       |   101 |    12 ||   113
Throw: Stone             |    57 |    54 |       ||   111
       Dart              |       |     3 |       ||     3
Invok: Depart the Abyss  |     1 |       |       ||     1
  Use: Potion            |     2 |       |       ||     2
       Scroll            |       |       |     5 ||     5
Armor: Skin              |    28 |    35 |     7 ||    70
Dodge: Dodged            |    66 |    81 |    23 ||   170

Table legend: (Time is in decaauts)
 A = Elapsed time spent in this place.
 B = Non-inter-level travel time spent in this place.
 C = Inter-level travel time spent in this place.
 D = Time resting spent in this place.
 E = Time spent auto-exploring this place.
 F = Levels seen in this place.
 G = Mean time per level.
                   A        B        C        D        E       F      G
               +--------+--------+--------+--------+--------+-----+--------+
         Total |   2668 |   2589 |     79 |     28 |   1587 |   8 |  333.5 |
       Dungeon |   2586 |   2507 |     79 |     28 |   1587 |   6 |  431.0 |
         Abyss |     81 |     81 |      0 |      0 |      0 |   2 |   40.5 |
               +--------+--------+--------+--------+--------+-----+--------+

Top non-repeatable levels by time:
     D:3: 1044 daAuts
     D:1: 914 daAuts
     D:2: 570 daAuts
 Abyss:1: 67 daAuts
     D:5: 27 daAuts
     D:6: 14 daAuts
     D:4: 14 daAuts
 Abyss:2: 14 daAuts
